 Dungeon Crawl Stone Soup version 0.28-a0-1524-ge72afd5fc6 (webtiles) character file.

Game seed: 1674161095041492563

11501 porpoise the Fighter (level 12, -12/95 HPs)
             Began as a Djinni Conjurer on Jan 18, 2022.
             Was a Follower of Ashenzari.
             Mangled by an orc knight (15 damage)
             ... in a bailey.
             The game lasted 00:56:35 (15569 turns).

porpoise the Fighter (Djinni Conjurer)             Turns: 15569, Time: 00:56:37

Health: -12/95     AC: 11    Str:  8    XL:     12   Next: 8%
Gold:   406        EV: 14    Int: 21    God:    Ashenzari [*.....] SH:  0 Dex: 10

rFire   + + .      SeeInvis .   b - +9 hunting sling of Agony {venom, rPois Will++}
rCold   x . .      Faith    .   (no shield)
rNeg    . . .      Spirit   .   w - +4 robe of the Eye in the Sky {Slay+3, Self, Melee} (curse)
rPois   ∞          Reflect  .   p - +0 helmet
rElec   .          Harm     .   L - +1 cloak
rCorr   +          Rampage  .   F - +1 pair of gloves
Will    +++++                   (boots unavailable)
Stlth   +++.......              (no amulet)
HPRegen 0.25/turn               f - ring "Cursed Jealousy" {Will+, Evo, Fort} (curse)
MPRegen 0.00/turn               S - ring "Kuiqou" {rPois Will++ rCorr Dex-4 Slay+4}

@: flying, very slightly contaminated
A: sickness immunity, fire resistance 2, cold vulnerability 1, float, innate
caster, hp casting, extra vitality 1
a: Renounce Religion, Curse Item, Shatter the Chains


You were in a bailey.
You worshipped Ashenzari.
Ashenzari was aware of your devotion.
You visited 2 branches of the dungeon, and saw 11 of its levels.
You also visited: Bailey.

You collected 406 gold pieces.

Inventory:

Hand Weapons
 a - the +10 scimitar of Defiance {drain, Will++}
   (You found it on level 8 of the Dungeon)

   A truly terrible weapon, it drains the life of any living foe it strikes.
   Will:      It greatly increases your willpower.
 b - the +9 hunting sling of Agony (weapon) {venom, rPois Will++}
   (You acquired it on level 7 of the Dungeon)

   Any ammunition fired from it poisons the flesh of those it strikes.
   rPois:     It protects you from poison.
   Will:      It greatly increases your willpower.
 O - a +4 vorpal hand axe
Missiles
 e - 219 stones (quivered ammo)
 h - 242 bolts
 i - 39 poisoned darts
 k - 12 boomerangs
 s - 151 arrows
 y - 3 javelins
 K - a throwing net
 P - 5 atropa-tipped darts
Armour
 c - an orb of energy
 p - a +0 helmet (worn)
 u - the +2 ratskin cloak {*Rats rPois rN+ Str-1 Int-1 Dex+1}
   (You found it on level 4 of the Dungeon)

   When the wearer is hurt, rats may emerge from it to assist them.
   Str:       It affects your strength (-1).
   Int:       It affects your intelligence (-1).
   Dex:       It affects your dexterity (+1).
   rPois:     It protects you from poison.
   rN:        It protects you from negative energy.
 w - the cursed +4 robe of the Eye in the Sky (worn) {Slay+3, Self, Melee}
   (You found it on level 4 of the Dungeon)

   Slay:      It affects your accuracy & damage with ranged weapons and melee
   (+3).
   It has a curse which improves the following skills: Introspection: Fighting
   and Spellcasting.
   Melee Combat: Short Blades, Long Blades, Axes, Maces & Flails, Polearms,
   Staves and Unarmed Combat.
 F - a +1 pair of gloves (worn)
 H - +0 steam dragon scales
 L - a +1 cloak (worn)
Magical Staves
 M - a staff of death
Jewellery
 f - the cursed ring "Cursed Jealousy" (left hand) {Will+, Evo, Fort}
   (You took it off an orc on level 4 of the Dungeon)

   [ring of willpower]

   Will:      It increases your willpower.
   It has a curse which improves the following skills: Evocations: Evocations.
   Fortitude: Armour and Shields.
 A - a ring of willpower
 B - a ring of protection from cold
 J - a ring of wizardry
 S - the ring "Kuiqou" (right hand) {rPois Will++ rCorr Dex-4 Slay+4}
   (You acquired it in a bailey)

   [ring of slaying]

   Dex:       It affects your dexterity (-4).
   Slay:      It affects your accuracy & damage with ranged weapons and melee
   (+4).
   rPois:     It protects you from poison.
   rCorr:     It protects you from acid and corrosion.
   Will:      It greatly increases your willpower.
Wands
 n - a wand of mindburst (18)
 E - a wand of charming (24)
 N - a wand of paralysis (6)
Scrolls
 d - a scroll of enchant weapon
 g - 2 scrolls of vulnerability
 q - 4 scrolls of blinking
 r - a scroll of fog
 v - 2 scrolls of immolation
 G - a scroll of holy word
 I - a scroll of enchant armour
 R - a scroll of teleportation
Potions
 j - 2 potions of berserk rage
 l - a potion of heal wounds
 m - 4 potions of mutation
 o - 2 potions of magic
 t - 6 potions of curing
 x - a potion of cancellation
 z - 2 potions of might
 C - 2 potions of haste
 D - a potion of lignification
 Q - 2 potions of resistance


   Skills:
 - Level 11.1(12.0) Fighting
 * Level 6.9(7.8) Long Blades
 * Level 2.8 Slings
 - Level 7.0 Dodging
 + Level 5.6 Stealth
 - Level 6.5(7.3) Spellcasting
 - Level 4.1(5.0) Evocations


You couldn't memorise any spells.
You knew the following spells:

 Your Spells              Type           Power      Damage    Failure   Level
a - Magic Dart            Conj           100%       1d8       1%          1
b - Searing Ray           Conj           76%        2d7       1%          2
c - Fulminant Prism       Conj/Hex       19%        3d11      4%          4
d - Iskenderun's Mystic   Conj/Tloc      38%        2d9       4%          4
f - Cause Fear            Hex            19%        N/A       4%          4
l - Dazzling Flash        Conj/Hex       76%        N/A       1%          3
p - Portal Projectile     Hex/Tloc       76%        N/A       1%          3
r - Scorch                Fire           76%        2d8       1%          2
s - Shock                 Conj/Air       100%       1d9       1%          1
v - Poisonous Vapours     Pois/Air       76%        N/A       1%          2
Your spell library was empty.

Dungeon Overview and Level Annotations

Branches:
Dungeon (10/15)            Temple (1/1) D:5            Lair (0/6) D:9
 Bailey (1/1)
    Orc: D:9-12

Altars:
Ashenzari
Cheibriados
Dithmenos
Elyvilon
Fedhas
Gozag
Hepliaklqana
Kikubaaqudgha
Makhleb
Nemelex Xobeh
Okawaru
Qazlal
Ru
Sif Muna
Trog
Uskayaw
Vehumet
Wu Jian
Xom
Yredelemnul
Zin
The Shining One


Innate Abilities, Weirdness & Mutations

You are immune to sickness and miasma.
You are immune to poison.
Your flesh is very heat resistant. (rF++)
You are vulnerable to cold. (rC-)
You float through the air rather than walking.
You learn spells naturally, not from books.
Your magical power is your life essence.
You have superior vitality. (+4 MHP)


Message History

The orc knight is moderately wounded.
The orc knight's fire resistance burns away.
The orc warrior barely misses you. The orc warrior closely misses you.
The orc closely misses you.
Casting: Scorch (safe; 1% risk of failure)
Confirm with . or Enter, or press ? or * to list all spells.
Flames lash the orc but do no damage.
The orc warrior closely misses you. The orc warrior misses you.
The orc barely misses you.
Unknown command.
Casting: Scorch (safe; 1% risk of failure)
Confirm with . or Enter, or press ? or * to list all spells.
Flames lash the orc warrior.
You kill the orc warrior!
The orc is no longer more vulnerable to fire.
The orc warrior hits you from afar with a +0 glaive!!
* * * LOW HITPOINT WARNING * * *
The orc hits you with a +0 trident.
* * * LOW HITPOINT WARNING * * *
Casting: Scorch (safe; 1% risk of failure)
Confirm with . or Enter, or press ? or * to list all spells.
You miscast Scorch.
You are very lightly contaminated with residual magic.
Nothing appears to happen.
* * * LOW HITPOINT WARNING * * *
The orc warrior hits you from afar with a +0 glaive!
* * * LOW HITPOINT WARNING * * *
The orc misses you.
Casting: Scorch (safe; 1% risk of failure)
Confirm with . or Enter, or press ? or * to list all spells.
You erupt in a blast of force!
The mystic blast hits the orc warrior.
You kill the orc warrior!
The mystic blast hits the orc knight!
The orc knight is moderately wounded.
The orc knight is knocked back by the mystic blast.
The orc knight slams into the granite statue!
The mystic blast hits the orc but does no damage.
The orc is severely wounded.
* * * LOW HITPOINT WARNING * * *
The orc knight hits you from afar with a +0 glaive!
You die...

..≈≈###≈≈...............≈≈###≈≈..
..≈##.##≈...............≈##.##≈..
..≈#.....................))..#≈..
..≈##)∩#≈...............≈#∩.##≈..
..≈≈#)##≈....#######....≈##.#≈≈..
...≈≈)≈≈≈....##....##...≈≈≈.≈≈...
.............##.....##...........
.............##'''#..##..........
.........##..##∩@o##..#..........
.........##.####'####.##.........
.........##.')#)o.#)'.##.........
.........##.###.8.###.##.........
.........##.')#:.)#)'.##.........
.........##.#########.##.........
..........#..##)#)##..#..........
..........##..#'#'#..##..........
...........##.......##...........


You could see an orc knight (combustible) and an orc (strong).

Vanquished Creatures
  A hydra (D:9)
  A boulder beetle (D:8)
  A two-headed ogre (D:9)
  A death knight (D:9)
  2 kobold demonologists (D:9)
  A troll (D:9)
  A hornet (D:9)
  A vampire (D:9)
  17 yaks
  A basilisk (D:9)
  6 humans (D:9)
  3 steam dragons
  Edmund (D:6)
  2 black bears (D:6)
  An ice beast (D:7)
  2 sky beasts (D:7)
  13 orc warriors
  2 necrophages
  An ogre (D:7)
  3 centaurs
  2 phantoms
  3 kobold brigands
  3 bullfrogs
  A water moccasin zombie (D:6)
  A wyvern zombie (D:9)
  5 killer bees
  5 wights (D:9)
  2 howler monkeys (D:10)
  4 centaur zombies
  4 jellies
  2 gnoll shamans (D:9)
  2 orc priests
  A centaur skeleton (D:6)
  5 hounds
  3 iguanas
  2 orc wizards
  2 killer bee zombies (D:7)
  12 gnolls
  7 adders
  2 white imps
  An ufetubus (D:6)
  An adder zombie (D:5)
  3 worms
  26 orcs
  3 endoplasms
  5 giant cockroaches
  8 goblins
  6 hobgoblins
  14 kobolds
  2 quokkas
  4 bats
  4 frilled lizards
  2 rats
208 creatures vanquished.

Vanquished Creatures (others)
  32 fulminant prisms
  5 plants (D:3)
37 creatures vanquished.

Grand Total: 245 creatures vanquished

Notes
Turn   | Place    | Note
-------+----------+-------------------------------------------
     0 | D:1      | porpoise the Djinni Conjurer began the quest for the Orb.
     0 | D:1      | Reached XP level 1. HP: 15/15 MP: 0/0
   370 | D:1      | Reached XP level 2. HP: 18/22 MP: 0/0
   489 | D:1      | Reached skill level 1 in Fighting
   658 | D:1      | You are sucked into a shaft and drop 1 floor!
  1404 | D:2      | Reached XP level 3. HP: 21/27 MP: 0/0
  1404 | D:2      | Learned a level 1 spell: Shock
  2073 | D:2      | Found a faded altar of an unknown god.
  2189 | D:2      | Reached XP level 4. HP: 28/33 MP: 0/0
  2194 | D:2      | Reached skill level 2 in Fighting
  2513 | D:3      | Found a sacrificial altar of Ru.
  2520 | D:3      | Found an opulent altar of Gozag.
  3656 | D:4      | Found the +2 ratskin cloak {*Rats rPois rN+ Str-1 Int-1
                  | Dex+1}
  3721 | D:4      | Identified the +4 robe "Yclybe" {Slay+3}
  4005 | D:4      | Reached XP level 5. HP: 36/39 MP: 0/0
  4005 | D:4      | Learned a level 2 spell: Scorch
  4355 | D:4      | Noticed a phantom
  4379 | D:4      | Killed a phantom
  4380 | D:4      | Reached skill level 3 in Fighting
  4658 | D:5      | Entered Level 5 of the Dungeon
  4689 | D:5      | Reached XP level 6. HP: 42/46 MP: 0/0
  5009 | D:5      | Found a staircase to the Ecumenical Temple.
  5020 | D:5      | Found a stormy altar of Qazlal.
  5148 | D:5      | Noticed a necrophage
  5154 | D:5      | Killed a necrophage
  5155 | D:5      | Reached XP level 7. HP: 41/51 MP: 0/0
  5155 | D:5      | Learned a level 2 spell: Poisonous Vapours
  5327 | Temple   | Entered the Ecumenical Temple
  5810 | D:5      | Reached skill level 4 in Fighting
  6045 | D:5      | Found a blossoming altar of Fedhas.
  6045 | D:5      | Found a sparkling altar of Nemelex Xobeh.
  6161 | Temple   | Became a worshipper of Ashenzari the Shackled
  6764 | D:6      | Noticed a steam dragon
  6775 | D:6      | Noticed a steam dragon
  6776 | D:6      | Killed a steam dragon
  6777 | D:6      | Reached skill level 5 in Spellcasting
  6903 | D:6      | Killed a steam dragon
  6904 | D:6      | Reached skill level 5 in Fighting
  6904 | D:6      | Reached XP level 8. HP: 46/59 MP: 0/0
  7659 | D:6      | Reached skill level 6 in Fighting
  7750 | D:6      | Found a bloodstained altar of Trog.
  7750 | D:6      | Noticed Edmund
  7771 | D:6      | Killed Edmund
  8151 | D:6      | Reached XP level 9. HP: 62/67 MP: 0/0
  8151 | D:6      | Learned a level 3 spell: Portal Projectile
  8854 | D:7      | Reached skill level 7 in Fighting
  9065 | D:7      | Identified a scroll of acquirement
  9065 | D:7      | Acquired the +9 hunting sling of Agony {venom, rPois
                  | Will++}
  9127 | D:7      | Reached * piety under Ashenzari
  9128 | D:7      | Found a white marble altar of Elyvilon.
  9160 | D:7      | Reached skill level 5 in Stealth
  9630 | D:7      | Reached skill level 1 in Evocations
 10082 | D:7      | Reached skill level 8 in Fighting
 10258 | D:8      | Reached XP level 10. HP: 73/78 MP: 0/0
 10264 | D:8      | Reached skill level 5 in Dodging
 10615 | D:8      | Noticed a boulder beetle
 10647 | D:8      | Killed a boulder beetle
 10648 | D:8      | Reached skill level 9 in Fighting
 10888 | D:8      | Identified the +10 scimitar of Defiance {drain, Will++}
 11166 | D:8      | Identified Kikubaaqudgha's Catalogue of Dark Rites
 11421 | D:8      | Reached skill level 1 in Long Blades
 11858 | D:9      | Noticed a six-headed hydra
 11870 | D:9      | Killed a six-headed hydra
 11871 | D:9      | Reached skill level 10 in Fighting
 11871 | D:9      | Reached XP level 11. HP: 65/86 MP: 0/0
 11871 | D:9      | Learned a level 4 spell: Cause Fear
 12831 | D:9      | Noticed a death knight
 12853 | D:9      | Killed a death knight
 13162 | D:9      | Reached skill level 11 in Fighting
 13253 | D:9      | Reached skill level 5 in Long Blades
 13471 | D:9      | Noticed a two-headed ogre
 13477 | D:9      | Killed a two-headed ogre
 13633 | D:9      | Found a staircase to the Lair.
 13728 | D:9      | Reached skill level 1 in Slings
 14359 | D:10     | Entered Level 10 of the Dungeon
 14382 | D:10     | Found a flagged portal.
 14398 | Bailey   | Entered a bailey
 14447 | Bailey   | Reached XP level 12. HP: 86/95 MP: 0/0
 15555 | Bailey   | Acquired the ring "Kuiqou" {rPois Will++ rCorr Dex-4
                  | Slay+4}
 15569 | Bailey   | Mangled by an orc knight

Illustrated notes

Levels and vault maps discovered:
D:1:      dpeg_arrival_tiny_f, layout_basic, amcnicky_mini_pool_small,
          minmay_heptomino_l4
D:2:      minmay_spotlight, layout_basic,
          hellmonk_ecumenical_altar_slurped_away, minmay_three_crescents
D:3:      layout_basic, nicolae_overflow_squiral, kennysheep_path_1,
          chequers_big_river, kennysheep_generic_room_12
D:4:      layout_gridville, grunt_temple_overflow_magic_moments,
          lemuel_old_faithful
D:5:      layout_basic, nicolae_qazlal_eye_of_the_storm,
          gammafunk_temple_overflow_wave, minmay_temple_entry_large_hall
D:6:      cheibrodos_steamvent, layout_basic, trog_ov_bears_minmay,
          hangedman_decor_peaks_small, uniq_edmund
D:7:      layout_rooms, nicolae_elyvilon_peaceful_grove,
          kennysheep_generic_room_13
D:8:      layout_loops_ring, eino_small_chamber_without_monster,
          kennysheep_just_a_vault
D:9:      cheibrodos_fzero, layout_long_grid, lair_entry_dummy, minmay_ruffians
D:10:     layout_basic, enter_bailey_6, serial_corexii_hall,
          chequers_hall_statues_y, corexii_hall_statues_s,
          corexii_hall_statues_x, uniq_maurice, uniq_sonja
Temple:   minmay_temple_forest_path
Bailey:   bailey_polearm_2, bailey

Skill      XL: |  1  2  3  4  5  6  7  8  9 10 11 |
---------------+----------------------------------+-----
Fighting       | 1 2 3 5 6 8 10 11 | 11.1
Stealth        | 2 3 4 5 |  5.6
Spellcasting   | 4 5 6 |  6.5
Dodging        | 4 7 |  7.0
Evocations     | 2 4 |  4.1
Long Blades    | 2 6 |  6.9
Slings         | 2 |  2.8

Action                   |  1- 3 |  4- 6 |  7- 9 | 10-12 || total
-------------------------+-------+-------+-------+-------++-------
Melee: Short sword       |     6 |       |       |       ||     6
       Hand axe          |       |       |     6 |       ||     6
 Fire: Hunting sling     |    14 |    36 |    69 |   136 ||   255
 Cast: Magic Dart        |    25 |     6 |       |       ||    31
       Searing Ray       |     8 |    25 |    49 |    39 ||   121
       Scorch            |       |     6 |     7 |    14 ||    27
       Shock             |       |     1 |       |     1 ||     2
       Poisonous Vapours |       |       |     1 |       ||     1
       Fulminant Prism   |       |       |     2 |    30 ||    32
       Dazzling Flash    |       |       |     4 |       ||     4
       Iskenderun's Myst |       |       |     3 |    15 ||    18
Invok: Curse Item        |       |       |     2 |       ||     2
Evoke: Wand              |       |       |       |     2 ||     2
  Use: Scroll            |       |       |     9 |     2 ||    11
 Stab: Sleeping          |       |       |     1 |       ||     1
Armor: Robe              |     4 |     3 |    35 |    20 ||    62
Dodge: Dodged            |     8 |    11 |    50 |    85 ||   154

Table legend: (Time is in decaauts)
 A = Elapsed time spent in this place.
 B = Non-inter-level travel time spent in this place.
 C = Inter-level travel time spent in this place.
 D = Time resting spent in this place.
 E = Time spent auto-exploring this place.
 F = Levels seen in this place.
 G = Mean time per level.
                   A        B        C        D        E       F      G
               +--------+--------+--------+--------+--------+-----+--------+
         Total |  15614 |  15118 |    496 |   7256 |   5823 |  12 | 1301.2 |
       Dungeon |  13977 |  13607 |    370 |   6446 |   5501 |  10 | 1397.7 |
        Temple |    465 |    340 |    125 |      0 |    320 |   1 |  465.0 |
        Bailey |   1172 |   1172 |      0 |    810 |      2 |   1 | 1172.0 |
               +--------+--------+--------+--------+--------+-----+--------+

Top non-repeatable levels by time:
     D:9: 2257 daAuts
     D:8: 1902 daAuts
     D:6: 1889 daAuts
     D:5: 1700 daAuts
     D:7: 1433 daAuts
     D:2: 1380 daAuts
  Bailey: 1172 daAuts
     D:4: 1130 daAuts
     D:1: 1128 daAuts
     D:3: 1116 daAuts
  Temple: 465 daAuts
    D:10: 38 daAuts
